Map: Ever Dream LE

Players

Nice - Winner!

  • Race: Protoss Protoss
  • Spawn Location: 7:00

ExpecT

  • Race: Terran Terran
  • Spawn Location: 1:00

Event: DreamHack SC2 Masters 2020 Summer TwHkMoJp

VOD

Have the link to the VOD?

Description

Time

  • Played on: June 28, 2020, 7:34 a.m.
  • Length: 12:48

All games in this series

Show
View Real Time Build Order
Export as new Build Order

Nice Protoss - Winner!

Build Orders: 1 Gate Expand, Blink Stalkers 

Get SALT Encoding   

  12  0:01  Probe  
  13  0:13  Probe  
  14  0:17  Pylon  
  14  0:24  Probe  
  15  0:32  Probe  
  15  0:38  Gateway  
  15  0:40  Probe  
  16  0:48  Assimilator  
  17  0:52  Probe  
  18  1:04  Probe  
  19  1:16  Probe  
  20  1:25  Cybernetics Core  
  20  1:34  Nexus  
  20  1:40  Pylon  
  20  1:46  Assimilator, Probe  
  21  1:51  Adept  
  21  1:58  Probe  
  22  2:04  Shield Battery  
  22  2:06  Warp Gate  
  22  2:08  Probe  
  25  2:16  Probe  
  25  2:21  Stalker  
  28  2:25  Probe  
  29  2:37  Probe  
  29  2:38  Twilight Council  
  29  2:43  Probe  
  30  2:49  Probe  
  30  2:51  Probe  
  33  3:00  Blink  
  33  3:01  Probe x2  
  33  3:02  Robotics Facility  
  34  3:13  Probe x2  
  36  3:23  Shield Battery  
  36  3:25  Probe x2  
  38  3:34  Gateway  
  38  3:37  Probe  
  38  3:39  Probe  
  40  3:43  Observer  
  40  3:44  Gateway  
  40  3:49  Probe  
  40  3:52  Probe, Pylon  
  43  4:00  Gateway  
  43  4:01  Probe  
  44  4:05  Stalker  
  44  4:07  Probe  
  45  4:15  Warp Prism  
  47  4:17  Probe  
  47  4:20  Probe  
  49  4:25  Assimilator  
  49  4:28  Stalker  
  51  4:33  Stalker  
  51  4:35  Pylon  
  53  4:39  Probe  
  53  4:43  Pylon  
  54  4:45  Assimilator  
  54  4:53  Probe  
  54  4:57  Observer  
  55  5:00  Stalker x3  
  55  5:02  Stalker  
  55  5:03  Pylon  
  63  5:10  Pylon  
  63  5:11  Probe x2  
  64  5:23  Stalker x2, Charge  
  64  5:24  Stalker  
  64  5:26  Stalker  
  72  5:29  Pylon  
  72  5:30  Observer  
  67  5:58  Stalker x3  
  67  5:59  Stalker  
  67  6:01  Gateway  
  67  6:03  Gateway  
  73  6:19  Gateway  
  73  6:21  Stalker x3  
  73  6:23  Gateway  
  79  6:26  Stalker  
  61  6:48  Stalker x2  
  61  6:49  Stalker x2  
  69  6:59  Templar Archives  
  69  7:01  Pylon  
  69  7:10  Nexus  
  69  7:14  Probe x2  
  71  7:24  Psionic Storm  
  71  7:28  Probe x2  
  73  7:32  Pylon  
  73  7:33  Forge  
  73  7:40  Probe x2  
  75  7:49  Protoss Ground Weapons Level 1  
  75  7:52  Probe  
  75  7:58  High Templar, Probe  
  77  7:59  High Templar x3  
  77  8:04  Probe  
  86  8:06  Pylon  
  86  8:10  Probe  
  87  8:15  Assimilator  
  87  8:16  Probe  
  88  8:21  Assimilator  
  88  8:22  Probe  
  88  8:24  Pylon x2  
  88  8:25  Pylon  
  88  8:26  High Templar  
  88  8:27  Zealot x3  
  95  8:28  Probe  
  95  8:29  Probe  
  99  8:34  Probe  
  99  8:37  High Templar  
  102  8:41  Pylon  
  102  8:45  Observer  
  102  8:46  Shield Battery  
  106  8:54  High Templar, Zealot x4  
  108  9:05  Probe  
  107  9:11  High Templar  
  107  9:12  Immortal, High Templar  
  107  9:17  Pylon  
  111  9:18  Pylon  
  115  9:28  Zealot x6  
  127  9:41  Immortal  
  128  9:58  Archon, Protoss Ground Weapons Level 2  
  106  10:03  Archon  
  106  10:05  Zealot x4  
  106  10:06  Zealot x4  
  104  10:19  Warp Prism  
  108  10:21  Nexus  
  108  10:26  Probe x3, Pylon  
  105  10:37  High Templar x2, Zealot x3  
  105  10:38  High Templar x3, Probe  
  108  10:55  Probe x2  
  108  10:56  Unknown, Probe  
  109  10:58  Robotics Bay  
  109  11:01  Sentry, Immortal, Stalker, High Templar  
  109  11:03  Robotics Facility  
  115  11:07  Probe  
  115  11:08  Probe x2  
  122  11:23  High Templar x2, Zealot  
  122  11:24  Zealot x2  
  132  11:28  Archon  
  132  11:35  Stalker, Observer  
  132  11:36  Stalker x2  
  132  11:37  Probe  
  132  11:38  Probe  
  141  11:47  Zealot x3  
  141  11:49  Pylon  
  141  12:02  Archon  
  141  12:06  Zealot x5  
  147  12:11  Zealot x2  
  147  12:12  Zealot  
  129  12:31  Archon  
  129  12:33  Archon, Zealot x5  
  129  12:34  Zealot x3  
Show
View Real Time Build Order
Export as new Build Order

ExpecT Terran 

Build Orders: Reaper Expand 

Get SALT Encoding   

  12  0:00  SCV  
  13  0:12  SCV  
  14  0:16  Supply Depot  
  14  0:24  SCV  
  15  0:38  SCV  
  15  0:40  Barracks  
  16  0:44  Refinery  
  16  0:50  SCV  
  17  1:02  SCV  
  18  1:14  SCV  
  19  1:27  Reaper  
  19  1:28  Orbital Command  
  20  1:40  Command Center  
  20  1:51  Supply Depot  
  20  1:53  SCV  
  21  1:59  Marine  
  22  2:05  Factory  
  22  2:06  SCV  
  23  2:14  Bunker  
  23  2:18  SCV  
  23  2:21  Barracks Reactor  
  24  2:27  Refinery  
  24  2:30  SCV  
  25  2:42  SCV  
  26  2:51  Factory Tech Lab  
  26  2:54  SCV  
  26  2:58  Marine x2  
  27  3:00  Starport  
  27  3:03  Orbital Command  
  29  3:06  SCV  
  30  3:16  Marine x2  
  30  3:18  SCV  
  36  3:20  Cyclone  
  36  3:30  SCV  
  36  3:31  SCV  
  38  3:36  Supply Depot, Marine x2  
  40  3:42  SCV  
  40  3:43  Viking  
  43  3:48  SCV  
  43  3:54  Marine, SCV  
  46  3:57  Siege Tank, Marine  
  50  4:04  Supply Depot  
  50  4:06  SCV x2  
  52  4:13  Barracks  
  52  4:18  Engineering Bay  
  52  4:20  Marine  
  52  4:21  Marine  
  54  4:25  SCV x2  
  54  4:31  Barracks  
  56  4:34  Supply Depot  
  56  4:35  Starport Tech Lab  
  56  4:38  Siege Tank  
  56  4:39  SCV  
  56  4:42  SCV  
  61  4:48  Marine  
  61  4:49  Supply Depot  
  62  4:55  Marine  
  62  4:56  Terran Infantry Weapons Level 1  
  62  4:59  SCV x2  
  65  5:03  Missile Turret  
  65  5:08  Marine  
  65  5:11  Starport Reactor  
  65  5:13  Marine  
  65  5:14  Siege Tank  
  70  5:16  SCV x2  
  72  5:23  Barracks Tech Lab  
  72  5:27  Supply Depot x2  
  72  5:29  SCV x2  
  72  5:30  Refinery x2  
  72  5:32  Marine  
  72  5:33  Marine x2  
  77  5:39  Supply Depot  
  75  5:56  Siege Tank  
  66  6:00  SCV x2  
  67  6:08  Marine  
  67  6:09  Marine  
  67  6:16  SCV x2  
  69  6:21  Barracks Tech Lab, Barracks x2  
  69  6:22  Barracks  
  69  6:26  Marine x2  
  69  6:28  SCV x2  
  70  6:34  Siege Tank  
  66  6:40  SCV x2  
  67  6:48  Stimpack  
  67  6:49  Marauder, Marine x2  
  67  6:52  SCV x2  
  73  7:00  Refinery  
  73  7:04  SCV x2  
  73  7:11  Marauder, Marine x2  
  73  7:15  Barracks Tech Lab  
  76  7:24  Command Center  
  76  7:26  SCV  
  76  7:27  SCV  
  76  7:29  Marine x2  
  79  7:33  Marauder, Supply Depot  
  79  7:34  Supply Depot, Marauder  
  79  7:36  Barracks Reactor  
  83  7:42  Barracks  
  81  7:47  Siege Tank, Marine  
  81  7:51  Terran Infantry Armor Level 1  
  85  7:52  SCV x2  
  85  7:57  Marauder, Marine x2  
  89  8:05  SCV x2  
  89  8:09  Medivac  
  89  8:10  Marine  
  94  8:18  Marauder x2, Marine x3  
  101  8:22  Siege Tank  
  104  8:28  SCV x2  
  104  8:30  Combat Shield, Supply Depot  
  106  8:36  Orbital Command  
  106  8:38  Marauder  
  106  8:39  Marauder  
  106  8:40  Marauder, Marine x3, Supply Depot  
  106  8:41  Supply Depot, Marine  
  116  8:44  Missile Turret  
  116  8:50  Medivac  
  104  9:10  Marauder, Marine x3  
  104  9:11  Marauder x2, Marine  
  104  9:14  Siege Tank  
  117  9:21  Concussive Shells  
  116  9:29  Orbital Command, Marine x2  
  118  9:32  Marauder x2  
  122  9:38  Supply Depot  
  122  9:39  Marauder, Marine  
  117  9:57  Marine x2  
  117  9:58  Marauder x2, Marine  
  96  10:05  Medivac x2  
  84  10:07  Siege Tank  
  84  10:11  SCV x3  
  83  10:23  Marauder x3  
  89  10:29  Ghost Academy  
  89  10:30  SCV x3  
  88  10:42  Marine x4  
  80  10:44  Marauder x3  
  80  10:45  SCV x3  
  91  10:52  Siege Tank  
  94  10:57  SCV x3  
  94  11:00  Marine x2  
  94  11:04  Medivac x2  
  103  11:05  Marauder, Marine x2  
  103  11:10  SCV x3  
  110  11:12  Enhanced Shockwaves  
  110  11:20  Missile Turret  
  110  11:21  Ghost  
  110  11:22  Marine x2  
  115  11:27  Refinery x2  
  115  11:28  Siege Tank  
  117  11:32  Supply Depot  
  117  11:38  Ghost, Missile Turret  
  119  11:40  Marine x2, Missile Turret  
  119  11:44  Marine x2  
  123  11:53  Ghost  
  123  11:54  Marine  
  123  11:57  Marine  
  123  11:58  Marine  
  125  12:07  Ghost  
  119  12:13  Siege Tank  
  119  12:15  SCV x2  
  118  12:25  Missile Turret  
Tags
 
Add a new tag
Caveats
  • Supply blocks, unpowered buildings, or Contaminate may cause inaccurate times.
  • Supply counts are checked every 10 seconds.